 Dungeon Crawl Stone Soup version 0.21.1-1-g345015fe64 (console) character file.

85 Heliocid the Sneak (level 4, -13/28 HPs)
             Began as a Kobold Enchanter on May 1, 2018.
             Engulfed by a cloud of flame (17 damage)
             ... on level 3 of the Dungeon.
             The game lasted 00:37:28 (3022 turns).

Heliocid the Sneak (Kobold Enchanter)               Turns: 3022, Time: 00:37:28

Health: -13/28     AC:  5    Str:  5    XL:     4   Next: 75%
Magic:  8/8        EV: 14    Int: 17    God:
Gold:   100        SH:  0    Dex: 15    Spells: 2/8 levels left

rFire    . . .     SeeInvis .   y - +0 short sword
rCold    + . .     Gourm    .   (shield restricted)
rNeg     + . .     Faith    .   t - +1 leather armour {rC+}
rPois    .         Spirit   .   (no helmet)
rElec    .         Reflect  .   (no cloak)
rCorr    .         Harm     .   (no gloves)
MR       .....                  w - +0 pair of boots
Stlth    +++.......             (no amulet)
HPRegen  0.09/turn              p - ring of positive energy
MPRegen  0.11/turn              (no ring)

@: no status effects
A: small, carnivore, robust 2
a: no special abilities


You were on level 3 of the Dungeon.
You were very full.

You visited 1 branch of the dungeon, and saw 3 of its levels.

You collected 100 gold pieces.

Inventory:

Hand Weapons
 a - a +1 dagger
 g - a +0 dagger
 v - a +0 spear
 y - a +0 short sword (weapon)
 A - a +0 whip
Missiles
 e - 7 bolts
 f - 73 stones (quivered)
 i - 13 arrows
 n - 11 tomahawks
Armour
 b - a +1 robe
 h - a +0 scale mail
 j - a +0 robe
 o - a +0 robe
 t - a +1 leather armour of cold resistance (worn)
 u - a +1 centaur barding
 w - a +0 pair of boots (worn)
Jewellery
 p - a ring of positive energy (left hand)
Scrolls
 l - 2 scrolls of remove curse
 m - a scroll of enchant armour
Potions
 k - 2 potions of haste
 r - a potion of curing
 s - a potion of lignification
 x - a potion of brilliance
Books
 c - a book of Maledictions

   Spells                             Type                      Level
   a - Corona                         Hexes                        1
   b - Ensorcelled Hibernation        Hexes/Ice                    2
   c - Confuse                        Hexes                        3
   d - Tukima's Dance                 Hexes                        3
   e - Dazzling Spray                 Conjuration/Hexes            3
Comestibles
 d - 4 rations


   Skills:
 + Level 0.4 Fighting
 + Level 2.3 Short Blades
 + Level 0.1 Armour
 + Level 2.7 Dodging
 + Level 5.0 Stealth
 + Level 2.7 Spellcasting
 + Level 3.6 Hexes
 + Level 0.5 Ice Magic


You had 2 spell levels left.
You knew the following spells:

 Your Spells              Type           Power        Failure   Level  Hunger
a - Corona                Hex            ##.....      7%          1    #......
b - Ensorcelled Hibernat  Hex/Ice        #.....       19%         2    ##.....
c - Tukima's Dance        Hex            ##......     21%         3    ###....


Dungeon Overview and Level Annotations

Branches:
Dungeon (3/15)

Altars:
Xom

Annotations:
D:3 Grinder, Sigmund


Innate Abilities, Weirdness & Mutations

You are small and have problems with some larger weapons.
You are carnivorous and can eat meat at any time.
You are very robust. (+20% HP)


Message History

You closely miss the bat. The bat hits you but does no damage.
The bat barely misses you.
Grinder says, "My boss said I was rubbish.
His entrails said otherwise."
You hit the bat.
The bat explodes!
The fiery explosion engulfs the leopard gecko.
The leopard gecko explodes!
The fiery explosion engulfs the adder.
The adder explodes!
The fiery explosion engulfs the giant cockroach.
The giant cockroach explodes!
The fiery explosion engulfs Grinder.
Grinder is heavily wounded.
Your Stealth skill increases to level 5!
The fiery explosion engulfs you!
Ouch! That really hurt!
* * * LOW HITPOINT WARNING * * *
You are engulfed in blazing flames.
Ouch! That really hurt!
You die...

#.#.####.....#..#
. #.##..........#
## #....#.....#.?
######.§5#.#
###§# # #§# #§#
#§# #@# #.# #.#
..# #.. ### #


You could see Grinder.

Vanquished Creatures
  3 adders
  2 oozes (D:1)
  2 dart slugs
  A leopard gecko (D:3)
  4 orcs
  6 bats
  3 giant cockroaches
  4 goblins
  4 hobgoblins (D:1)
  8 kobolds
  A frilled lizard (D:2)
  5 rats
43 creatures vanquished.

Vanquished Creatures (others)
  A dancing weapon (D:3)
1 creature vanquished.

Grand Total: 44 creatures vanquished

Notes
Turn   | Place    | Note
-------+----------+-------------------------------------------
     0 | D:1      | Heliocid the Kobold Enchanter began the quest for the Orb.
     0 | D:1      | Reached XP level 1. HP: 10/10 MP: 3/3
   128 | D:1      | Reached XP level 2. HP: 15/15 MP: 5/5
   135 | D:1      | Learned a level 2 spell: Ensorcelled Hibernation
   463 | D:1      | Reached XP level 3. HP: 5/19 MP: 1/6
  1662 | D:1      | Learned a level 3 spell: Tukima's Dance
  1723 | D:2      | Gained mutation: You are robust. (+10% HP) [potion of mutation]
  1723 | D:2      | Gained mutation: You are very robust. (+20% HP) [potion of mutation]
  1805 | D:2      | Reached XP level 4. HP: 3/28 MP: 1/7
  2626 | D:3      | Found a shimmering altar of Xom.
  2655 | D:3      | Found a shimmering altar of Xom.
  2655 | D:3      | Found a shimmering altar of Xom.
  2687 | D:3      | Noticed Grinder
  2691 | D:3      | Noticed Sigmund
  3022 | D:3      | Reached skill level 5 in Stealth
  3022 | D:3      | Engulfed by a cloud of flame

Skill      XL: |  1  2  3  4 |
---------------+-------------+-----
Short Blades   | 2 |  2.3
Stealth        | 5 |  5.0
Fighting       | |  0.4
Armour         | |  0.1
Dodging        | |  2.7
Spellcasting   | |  2.7
Hexes          | |  3.6
Ice Magic      | |  0.5

Action                   |  1- 3 |  4- 6 || total
-------------------------+-------+-------++-------
Melee: Dagger            |   125 |    11 ||   136
       Short sword       |       |    57 ||    57
Throw: Stone             |       |     1 ||     1
 Cast: Ensorcelled Hiber |    12 |     4 ||    16
       Corona            |     1 |       ||     1
       Tukima's Dance    |     2 |     1 ||     3
  Use: Potion            |     6 |     3 ||     9
       Scroll            |     5 |     3 ||     8
 Stab: Sleeping          |     9 |    10 ||    19
  Eat: Chunk             |    12 |     4 ||    16
Armor: Robe              |    15 |       ||    15
       Leather armour    |       |    15 ||    15
Dodge: Dodged            |   119 |    60 ||   179
